 Dungeon Crawl Stone Soup version 0.18.1-5-g4a78601 (webtiles) character file.

170529 M4edhros the Peltast (level 17, -1/125 HPs)
             Began as an Octopode Artificer on May 13, 2016.
             Was the Champion of Dithmenos.
             Slain by a ghost moth (12 damage)
             ... on level 4 of the Spider Nest.
             The game lasted 01:31:29 (34801 turns).

M4edhros the Peltast (Octopode Artificer)          Turns: 34801, Time: 01:31:29

Health: -1/125     AC: -31   Str: 16    XL:     17   Next: 99%
Magic:  0/24       EV: 28    Int: 15    God:    Dithmenos [******]
Gold:   2547       SH: 29    Dex: 18    Spells: 4 memorised, 2 levels left

rFire  + + +     SeeInvis .     k - +6 double sword (elec)
rCold  + + .     Gourm    .     G - +2 large shield
rNeg   . . .     Faith    .     N - +0 hat {MR+}
rPois  +         Spirit   .     z - +6 amulet of reflection
rElec  .         Dismiss  .     g - ring of protection from cold
rCorr  .         Reflect  +     s - ring of magical power
SustAt +         Harm     .     q - ring of protection from cold
MR     +....     Clarity  +     H - +3 ring of protection
Stlth  ++++++++++               O - +6 ring of evasion
                                S - ring of sustain attributes
                                Z - ring of protection from fire
                                d - ring of wizardry

@: mighty, lethally poisoned (-1 -> -6), vulnerable, corroded, wreathed by
umbra, somewhat resistant to hostile enchantments, uncannily stealthy
A: almost no armour, amphibious, 8 rings, constrict 8, fangs 1, tentacle spike
1, molten scales 1, slimy green scales 1, yellow scales 1, camouflage 1, blink,
clarity, fire resistance 2, low mp 2, poison resistance, robust 1, gelatinous
body 1
a: Blink, Shadow Step, Shadow Form, Renounce Religion


You were on level 4 of the Spider Nest.
You worshipped Dithmenos.
Dithmenos was exalted by your worship.
You were hungry.

You visited 5 branches of the dungeon, and saw 30 of its levels.
You also visited: Ossuary, Bailey and Volcano.

You collected 3142 gold pieces.
You spent 595 gold pieces at shops.

Inventory:

Hand Weapons
 k - a +6 double sword of electrocution (weapon)
 o - a +1 greatsling
Missiles
 m - 167 sling bullets
 W - 13 javelins of returning (quivered)
Armour
 G - a +2 large shield (worn)
 N - a +0 hat of magic resistance (worn)
 V - a +2 hat of intelligence
Jewellery
 d - a ring of wizardry (on tentacle)
 g - a ring of protection from cold (left tentacle)
 i - an uncursed amulet of guardian spirit
 q - a ring of protection from cold (on tentacle)
 s - a ring of magical power (right tentacle)
 z - a +6 amulet of reflection (around mantle)
 H - a +3 ring of protection (on tentacle)
 O - a +6 ring of evasion (on tentacle)
 S - a ring of sustain attributes (on tentacle)
 T - an uncursed amulet of rage
 Z - a ring of protection from fire (on tentacle)
Wands
 b - a wand of digging (4/24)
 c - a wand of confusion (0/48)
 t - a wand of enslavement (15/24)
 y - a wand of lightning (8/15)
 F - a wand of heal wounds (3/9)
Scrolls
 u - a scroll of vulnerability
 D - 5 scrolls of identify
 E - 5 scrolls of amnesia
 J - 6 scrolls of silence
 M - 3 scrolls of remove curse
 Q - 4 scrolls of magic mapping
 Y - a scroll of enchant weapon
Potions
 h - a potion of ambrosia
 l - a potion of resistance
 n - 2 potions of flight
 v - 3 potions of brilliance
 K - a potion of magic
 L - a potion of curing
Books
 a - a book of Air

   Spells                             Type                      Level
   a - Shock                          Conjuration/Air              1
   b - Swiftness                      Charms/Air                   2
   c - Repel Missiles                 Charms/Air                   2
   d - Static Discharge               Conjuration/Air              3
   e - Lightning Bolt                 Conjuration/Air              5
 e - a book of Clouds

   Spells                             Type                      Level
   a - Mephitic Cloud                 Conjuration/Poison/Air       3
   b - Conjure Flame                  Conjuration/Fire             3
   c - Poisonous Cloud                Conjuration/Poison/Air       6
   d - Freezing Cloud                 Conjuration/Ice/Air          6
   e - Ring of Flames                 Charms/Fire                  7
 C - a book of Transfigurations

   Spells                             Type                      Level
   a - Irradiate                      Conjuration/Transmutation    5
   b - Statue Form                    Transmutation/Earth          6
   c - Hydra Form                     Transmutation                6
   d - Dragon Form                    Transmutation                7
 I - a book of Debilitation

   Spells                             Type                      Level
   a - Corona                         Hexes                        1
   b - Slow                           Hexes                        2
   c - Gell's Gravitas                Hexes/Translocation          3
   d - Inner Flame                    Hexes/Fire                   3
   e - Cause Fear                     Hexes                        4
   f - Leda's Liquefaction            Hexes/Earth                  4
 P - a book of Flames

   Spells                             Type                      Level
   a - Flame Tongue                   Conjuration/Fire             1
   b - Throw Flame                    Conjuration/Fire             2
   c - Conjure Flame                  Conjuration/Fire             3
   d - Inner Flame                    Hexes/Fire                   3
   e - Sticky Flame                   Conjuration/Fire             4
   f - Fireball                       Conjuration/Fire             5
   Dithmenos disapproves of the use of such an item.
Comestibles
 f - 16 bread rations
 j - 13 royal jellies
 r - 32 fruits
 w - 2 meat rations
 U - 9 slices of pizza


   Skills:
 - Level 9.8 Fighting
   Level 5.9(9.7) Short Blades
 * Level 11.8(12.3) Long Blades
 - Level 4.6 Slings
 - Level 13.8 Dodging
 - Level 16.4 Stealth
 - Level 18.4 Shields
 * Level 8.0 Transmutations
 - Level 4.8 Air Magic
 * Level 7.8 Earth Magic
 * Level 3.2 Invocations
 - Level 3.2 Evocations


You had 2 spell levels left.
You knew the following spells:

 Your Spells              Type           Power        Failure   Level  Hunger
a - Mephitic Cloud        Conj/Pois/Air  #.......     56%         3    ####...
b - Spectral Weapon       Hex/Chrm       #.......     82%         3    ####...
c - Statue Form           Trmt/Erth      ###......    98%         6    #######
d - Repel Missiles        Chrm/Air       #.....       16%         2    ###....


Dungeon Overview and Level Annotations

Branches:
Dungeon (15/15)            Temple (1/1) D:6            Lair (8/8) D:8
 Shoals (0/4) Lair:3       Spider (4/4) Lair:5        Slime (0/6) Lair:6
    Orc (2/2) D:12            Elf (0/3) Orc:2        Vaults (0/5) D:14
 Depths: D:15

Altars:
Dithmenos
Elyvilon
Kikubaaqudgha
Nemelex Xobeh
Okawaru
Pakellas
Qazlal
Ru
Trog
Vehumet
Xom
Zin
The Shining One

Shops:
D:12 %   D:13 (   Orc:2 [(*:

Annotations:
D:11 Snorg
Lair:6 exclusion: 4 oklob plants
Spider:4 Aizul


Innate Abilities, Weirdness & Mutations

You cannot wear most types of armour.
You are amphibious.
You can wear up to eight rings at the same time.
You can use your tentacles to constrict eight enemies at once.
Your skin changes colour to match your surroundings (Stealth).
Your rubbery body absorbs attacks (AC +1).
You have very sharp teeth.
One of your tentacles bears a spike.
You are partially covered in molten scales (AC +1).
You are partially covered in slimy green scales (AC +2).
You are partially covered in yellow scales (AC +2).
You can translocate small distances at will.
You possess an exceptional clarity of mind.
Your flesh is very heat resistant.
Your magical capacity is very low (-20% MP).
Your system is resistant to poisons.
You are robust (+10% HP).


Message History

The emperor scorpion claws you!
* * * LOW HITPOINT WARNING * * *
Aizul hits you.
* * * LOW HITPOINT WARNING * * *
Unknown command.
Unknown command.
Evoke which item? (* to show all) (? for menu, Esc to quit)
Zapping:
F - a wand of heal wounds (4/9)
Press: ? - help, Shift-Dir - straight line, f - you, p - emperor scorpion You feel much better.
This wand has 3 charges left.
You feel sick. Something misses you. Something hits you!
* * * LOW HITPOINT WARNING * * *
You block something's attack. You block Aizul's attack.
The emperor scorpion misses you.
The emperor scorpion completely misses you. x2
You feel you are being watched by something.
Something hits you!
* * * LOW HITPOINT WARNING * * *
You block something's attack. Something stings you!
You die...

######## ##§§@§.^##
##≈§{sS.^^##
#..§§§....≈##
#^.........^≈#
##^..........≈##
#............≈^#
###.............^#
#^...............##
##^...............^#


You could see Aizul and an emperor scorpion.

Vanquished Creatures
  Arachne (Spider:3)
  Frances (D:12)
  Maud (D:12)
  An orc warlord (Orc:2)
  A ghost moth (Spider:4)
  An emperor scorpion (Spider:4)
  The ghost of DEFE the Grappler, a journeyman TrMo of the Shining One (D:14)
  Azrael (D:14)
  A spark wasp (Spider:4)
  A fire dragon (Lair:8)
  Josephine (Lair:6)
  An entropy weaver (Spider:4)
  4 hydras
  A catoblepas (Lair:8)
  2 centaur warriors
  A dancing weapon (D:14)
  9 death yaks (Lair:8)
  4 orc high priests
  2 unseen horrors
  A skeletal warrior (D:15)
  3 lindwurms
  5 orc knights (Orc:2)
  A wizard (D:13)
  6 hill giants
  A deep elf mage (D:6)
  An orc sorcerer (Orc:2)
  18 orb spiders
  A manticore (Lair:3)
  6 griffons
  7 hornets
  8 ugly things (D:14)
  22 wolf spiders
  3 cyclopes
  A toenail golem (Volcano)
  14 elephants
  2 molten gargoyles (Volcano)
  A guardian serpent (Lair:8)
  A moth of wrath (Spider:3)
  8 black mambas
  22 spiny frogs
  6 torpor snails
  2 gargoyles
  3 rime drakes
  8 demonic crawlers
  8 komodo dragons
  An efreet (D:14)
  4 giant leeches (Lair:8)
  A queen bee (D:10)
  11 trolls
  32 jumping spiders
  A polar bear (Lair:7)
  3 slime creatures (D:15)
  14 blink frogs
  A two-headed ogre (D:13)
  4 boulder beetles (Spider:3)
  62 redbacks
  A centaur simulacrum (D:14)
  4 wraiths (Lair:6)
  A shadow (D:11)
  28 yaks
  6 wyverns
  6 basilisks
  A vampire (D:9)
  A human (D:8)
  21 tarantellas
  6 fire elementals
  2 steam dragons (D:11)
  2 hungry ghosts
  9 hippogriffs
  9 vampire mosquitoes
  4 wargs
  A soldier ant (D:13)
  20 water moccasins
  4 hell hounds (D:14)
  11 porcupines
  37 orc warriors
  4 black bears
  An eye of draining (D:12)
  2 ice beasts (D:12)
  6 sky beasts
  6 wasps
  3 necrophages
  10 ogres
  3 phantoms
  10 wolves
  20 centaurs
  14 crocodiles
  3 big kobolds
  20 giant frogs
  An elf zombie (D:13)
  2 wyvern zombies
  A water moccasin zombie (D:11)
  5 scorpions
  A troll zombie (D:13)
  42 killer bees
  12 wights
  A troll skeleton (D:13)
  2 howler monkeys (D:9)
  4 electric eels
  8 crimson imps
  2 centaur zombies
  2 giant frog zombies
  A quasit (D:9)
  2 giant frog skeletons
  9 jellies
  A human zombie (D:13)
  10 orc priests
  11 hounds
  12 orc wizards
  3 centaur skeletons
  10 iguanas
  Natasha (thrice) (D:3)
  A human skeleton (D:13)
  12 worker ants
  52 sheep
  A big kobold zombie (Ossuary)
  2 hound zombies
  A hound skeleton (D:8)
  7 mummies
  3 worker ant zombies
  17 adders
  48 river rats
  4 shadow imps
  2 oozes
  An adder skeleton (D:6)
  20 worms (Lair:8)
  A dart slug (D:1)
  7 giant geckos
  95 orcs
  4 giant cockroaches
  12 goblins
  A hobgoblin (D:3)
  18 jackals
  3 quokkas
  3 ball pythons
  5 bats
  A giant gecko skeleton (D:6)
  4 giant newts
  A gnoll zombie (Ossuary)
  2 hobgoblin zombies (Ossuary)
  2 jackal zombies (Ossuary)
  20 kobolds
  3 kobold zombies (Ossuary)
  An orc skeleton (D:13)
  An orc zombie (Ossuary)
  A quokka skeleton (D:9)
  A quokka zombie (D:5)
  5 rats
  2 rat zombies (Ossuary)
  A fire vortex (Volcano)
  2 fungi (Lair:8)
1116 creatures vanquished.

Vanquished Creatures (collateral kills)
  An entropy weaver (Spider:4)
  4 orc warriors (Bailey)
  A centaur (Bailey)
  An orc wizard (D:11)
  An adder (D:3)
  7 orcs
15 creatures vanquished.

Vanquished Creatures (others)
  A wolf spider (Spider:4)
  An orb spider (Spider:4)
  A moth of wrath (Spider:4)
  2 jumping spiders (Spider:4)
  3 redbacks (Spider:4)
  A centaur (D:12)
  41 fungi
  40 plants
90 creatures vanquished.

Grand Total: 1221 creatures vanquished

Notes
Turn   | Place    | Note
--------------------------------------------------------------
     0 | D:1      | M4edhros the Octopode Artificer began the quest for the Orb.
     0 | D:1      | Reached XP level 1. HP: 13/13 MP: 3/3
   157 | D:1      | Reached XP level 2. HP: 18/18 MP: 4/4
   510 | D:1      | Reached XP level 3. HP: 14/23 MP: 5/5
  1407 | D:3      | Found an iron altar of Okawaru.
  1521 | D:3      | Noticed Natasha
  1755 | D:3      | Killed Natasha
  1755 | D:3      | Reached skill level 5 in Stealth
  1755 | D:3      | Reached XP level 4. HP: 28/28 MP: 6/6
  1770 | D:3      | Noticed Natasha
  1820 | D:3      | Killed Natasha
  1951 | D:4      | Noticed a phantom
  1962 | D:4      | Killed a phantom
  1962 | D:4      | Reached XP level 5. HP: 19/33 MP: 7/7
  2048 | D:4      | Reached XP level 6. HP: 26/38 MP: 8/8
  2271 | D:4      | Found a sand-covered staircase.
  2276 | Ossuary  | Entered an ossuary
  2473 | Ossuary  | HP: 1/41 [spear trap (19)]
  2902 | D:4      | Reached XP level 7. HP: 25/45 MP: 9/9
  3170 | D:5      | Entered Level 5 of the Dungeon
  3676 | D:5      | Gained mutation: You are occasionally teleported next to monsters. [mutagenic meat]
  3677 | D:5      | Gained mutation: You are frail (-10% HP). [mutagenic meat]
  3678 | D:5      | Gained mutation: One of your tentacles bears a spike. [mutagenic meat]
  3679 | D:5      | Gained mutation: You are partially covered in slimy green scales (AC +2). [mutagenic meat]
  3794 | D:5      | HP: 3/61 [disintegration (17)]
  4056 | D:5      | Reached XP level 8. HP: 37/48 MP: 10/10
  4410 | D:6      | Found a staircase to the Ecumenical Temple.
  4442 | Temple   | Entered the Ecumenical Temple
  4460 | Temple   | Became a worshipper of Dithmenos the Shadowed
  4623 | D:3      | Noticed Natasha
  4653 | D:3      | Killed Natasha
  4653 | D:3      | Reached skill level 10 in Stealth
  5384 | D:6      | Reached skill level 1 in Shields
  5591 | D:6      | Reached skill level 5 in Dodging
  5682 | D:6      | Reached skill level 2 in Shields
  5691 | D:6      | Reached skill level 5 in Fighting
  5704 | D:6      | Gained mutation: You possess an exceptional clarity of mind. [mutagenic meat]
  5705 | D:6      | Gained mutation: You are partially covered in yellow scales (AC +2). [mutagenic meat]
  5706 | D:6      | Lost mutation: You possess an exceptional clarity of mind. [mutagenic meat]
  5707 | D:6      | Gained mutation: Your flesh is heat resistant. [mutagenic meat]
  5844 | D:6      | Noticed a deep elf mage
  5849 | D:6      | Killed a deep elf mage
  5849 | D:6      | Reached XP level 9. HP: 54/54 MP: 11/11
  5986 | D:6      | Reached skill level 3 in Shields
  6577 | D:7      | Got a transparent war axe
  6579 | D:7      | Identified the cursed +0 war axe of Wohiddau {chop, -Tele rPois Str+6} (You found it on level 7 of the Dungeon)
  6655 | D:7      | Reached * piety under Dithmenos
  7661 | D:8      | Found a flagged portal.
  7678 | Bailey   | Entered a bailey
  7712 | Bailey   | Reached ** piety under Dithmenos
  7776 | Bailey   | Reached XP level 10. HP: 39/61 MP: 12/12
  7854 | Bailey   | Reached skill level 4 in Shields
  8890 | Bailey   | Gained mutation: You are partially covered in molten scales (AC +1). [potion of mutation]
  8890 | Bailey   | Gained mutation: Your body sometimes deteriorates upon taking damage. [potion of mutation]
  8890 | Bailey   | Gained mutation: Your magical capacity is low (-10% MP). [potion of mutation]
  9223 | D:8      | Found a stormy altar of Qazlal.
  9270 | D:8      | Reached skill level 5 in Shields
  9380 | D:8      | Found a staircase to the Lair.
  9476 | D:8      | Found a shadowy altar of Dithmenos.
  9634 | D:8      | Reached *** piety under Dithmenos
  9784 | D:8      | Reached skill level 6 in Shields
  9870 | D:8      | Reached XP level 11. HP: 67/67 MP: 12/12
 10050 | D:9      | Reached skill level 7 in Shields
 10055 | D:9      | Gained mutation: You are agile. (Dex +2) [potion of beneficial mutation]
 10164 | D:9      | Lost mutation: You are frail (-10% HP). [mutagenic meat]
 10165 | D:9      | Gained mutation: You occasionally shout uncontrollably at your foes. [mutagenic meat]
 10167 | D:9      | Lost mutation: You are occasionally teleported next to monsters. [mutagenic meat]
 10207 | D:9      | Found a white marble altar of Elyvilon.
 10551 | D:9      | Reached skill level 8 in Shields
 11045 | D:10     | Entered Level 10 of the Dungeon
 11159 | D:10     | Reached **** piety under Dithmenos
 11584 | D:10     | Identified a scroll of acquirement
 11858 | D:10     | Gained mutation: You can translocate small distances at will. [mutagenic meat]
 11859 | D:10     | Gained mutation: You possess an exceptional clarity of mind. [mutagenic meat]
 11933 | D:10     | Reached skill level 1 in Slings
 11958 | D:10     | Noticed a hill giant
 11983 | D:10     | Killed a hill giant
 11983 | D:10     | Reached skill level 5 in Short Blades
 11983 | D:10     | Reached skill level 9 in Shields
 12048 | D:10     | Reached skill level 10 in Dodging
 12627 | D:11     | Killed an unseen horror
 12817 | D:11     | Noticed Snorg
 13134 | D:11     | Reached XP level 12. HP: 83/83 MP: 13/13
 13193 | D:11     | Reached skill level 10 in Shields
 13563 | D:12     | Found a staircase to the Orcish Mines.
 13622 | D:12     | Noticed Frances
 13636 | D:12     | Killed Frances
 13794 | D:12     | Found Fafiucwi's Food Shop.
 14016 | D:12     | Reached ***** piety under Dithmenos
 14208 | D:12     | Noticed Maud
 14563 | D:12     | Killed Maud
 14563 | D:12     | Reached skill level 11 in Shields
 15101 | D:13     | 6 reflect amulet
 15101 | D:13     | double elec sword
 15101 | D:13     | gg
 15439 | D:13     | Reached skill level 1 in Long Blades
 15527 | D:13     | Found Bacaes's Antique Weapon Shoppe.
 15655 | D:13     | Noticed a centaur warrior
 15680 | D:13     | Killed a centaur warrior
 15878 | D:13     | Reached skill level 12 in Shields
 16024 | D:13     | Reached XP level 13. HP: 68/89 MP: 13/13
 16079 | D:13     | Found an ancient bone altar of Kikubaaqudgha.
 16563 | D:14     | Gained mutation: Your muscles are strong. (Str +2) [mutagenic meat]
 16685 | D:14     | Noticed DEFE's ghost (journeyman TrMo)
 16702 | D:14     | Killed DEFE's ghost
 16702 | D:14     | Reached skill level 13 in Shields
 16951 | D:14     | Noticed Azrael
 16992 | D:14     | Killed Azrael
 17624 | D:14     | Found a sacrificial altar of Ru.
 17835 | D:14     | Found a gate to the Vaults.
 17913 | D:15     | Entered Level 15 of the Dungeon
 17978 | D:14     | Lost mutation: You are agile. (Dex +2) [mutagenic meat]
 17979 | D:14     | Gained mutation: Your magical capacity is very low (-20% MP). [mutagenic meat]
 17980 | D:14     | Lost mutation: Your muscles are strong. (Str +2) [mutagenic meat]
 17986 | D:14     | Gained mutation: One of your tentacles bears a nasty spike. [mutagenic meat]
 17987 | D:14     | Gained mutation: Your flesh is very heat resistant. [mutagenic meat]
 18159 | D:15     | Noticed a fire giant
 18180 | D:15     | Reached skill level 14 in Shields
 18183 | D:15     | Reached skill level 15 in Stealth
 18614 | Lair:1   | Entered Level 1 of the Lair of Beasts
 18642 | Lair:1   | Found a dark tunnel.
 18647 | Volcano  | Entered a volcano
 18896 | Volcano  | Reached XP level 14. HP: 84/95 MP: 13/13
 19159 | Lair:1   | Learned a level 3 spell: Mephitic Cloud
 19301 | Lair:1   | Reached skill level 5 in Long Blades
 19676 | D:13     | Reached skill level 1 in Air Magic
 20163 | Lair:2   | Reached ****** piety under Dithmenos
 20264 | Lair:2   | Gained mutation: You are robust (+10% HP). [potion of mutation]
 20459 | Lair:2   | Reached skill level 15 in Shields
 21234 | Lair:3   | Found a staircase to the Shoals.
 21929 | Lair:4   | Reached skill level 17 in Shields
 21929 | Lair:4   | Reached XP level 15. HP: 111/111 MP: 13/13
 22903 | Lair:5   | Found a hole to the Spider Nest.
 23500 | Lair:6   | Noticed Josephine
 23533 | Lair:6   | Killed Josephine
 24040 | Lair:6   | Found a staircase to the Slime Pits.
 24411 | Lair:7   | Lost mutation: You occasionally shout uncontrollably at your foes. [potion of mutation]
 24411 | Lair:7   | Lost mutation: One of your tentacles bears a nasty spike. [potion of mutation]
 24592 | Lair:8   | Entered Level 8 of the Lair of Beasts
 24863 | Lair:8   | Found a runed door.
 24996 | Lair:8   | Reached XP level 16. HP: 117/118 MP: 14/14
 25041 | Lair:8   | Reached skill level 18 in Shields
 25481 | Lair:8   | Gained mutation: Your system is resistant to poisons. [potion of mutation]
 26781 | Lair:7   | Learned a level 3 spell: Spectral Weapon
 26788 | Lair:7   | Learned a level 6 spell: Statue Form
 27142 | Lair:7   | Reached skill level 1 in Transmutations
 27638 | Lair:7   | Reached skill level 1 in Earth Magic
 28902 | Orc:1    | Entered Level 1 of the Orcish Mines
 28962 | Orc:1    | Found a shimmering altar of Xom.
 29121 | Orc:2    | Entered Level 2 of the Orcish Mines
 29131 | Orc:2    | Found Utaner's Antique Weapon Emporium.
 29366 | Orc:2    | Bought a steaming hunting sling for 175 gold pieces
 29370 | Orc:2    | Identified the cursed +0 hunting sling of Sequestration {velocity, Str+5} (You bought it in a shop on level 2 of the Orcish Mines)
 29631 | Orc:2    | Found an iron altar of Okawaru.
 29721 | Orc:2    | Found Gis Pyax's Antique Armour Boutique.
 30050 | Orc:2    | Found Daudghups's General Store.
 30488 | Orc:2    | Found a staircase to the Elven Halls.
 30603 | Orc:2    | Found Jeerim's Book Shop.
 30714 | Orc:2    | Bought a book of Air for 420 gold pieces
 30717 | Orc:2    | Learned a level 2 spell: Repel Missiles
 31179 | Spider:1 | Entered Level 1 of the Spider Nest
 31316 | Spider:1 | Reached XP level 17. HP: 125/125 MP: 15/15
 31365 | Spider:1 | Got an encrusted hat
 31376 | Spider:1 | Identified the +0 hat "Ybygum" {MP+9 Stlth+} (You found it on level 1 of the Spider Nest)
 31437 | Spider:1 | Reached skill level 10 in Long Blades
 31547 | Spider:1 | Reached skill level 5 in Transmutations
 31967 | Spider:1 | Reached skill level 5 in Earth Magic
 32347 | Spider:2 | Lost mutation: Your body sometimes deteriorates upon taking damage. [potion of mutation]
 33557 | Spider:4 | Entered Level 4 of the Spider Nest
 33557 | Spider:4 | Noticed Arachne
 33594 | Spider:3 | Killed Arachne
 34019 | Spider:4 | Noticed Aizul
 34090 | Spider:4 | Reached skill level 1 in Invocations
 34202 | Spider:4 | Gained mutation: You have very sharp teeth. [mutagenic meat]
 34766 | Spider:4 | HP: 2/125 [redback (7)]
 34801 | Spider:4 | Slain by a ghost moth

Skill      XL: |  1  2  3  4  5  6  7  8  9 10 11 12 13 14 15 16 17 |
---------------+----------------------------------------------------+-----
Stealth        | 3 4 5 7 8 9 11 12 13 14 15 16 | 16.4
Fighting       | 2 4 5 6 7 8 9 |  9.8
Dodging        | 3 4 6 7 9 10 11 12 13 | 13.8
Shields        | 2 3 6 9 12 14 17 18 | 18.4
Short Blades   | 2 4 5 |  5.9
Slings         | 2 4 |  4.6
Long Blades    | 2 4 5 7 9 11 | 11.8
Air Magic      | 1 3 4 |  4.8
Transmutations | 4 8 |  8.0
Earth Magic    | 3 7 |  7.8
Invocations    | 3 |  3.2
Evocations     | |  3.2

Action                   |  1- 3 |  4- 6 |  7- 9 | 10-12 | 13-15 | 16-18 || total
-------------------------+-------+-------+-------+-------+-------+-------++-------
Melee: Short sword       |    34 |    99 |   222 |   884 |       |       ||  1239
       Constrict         |    18 |    24 |    46 |   139 |   126 |   219 ||   572
       Tentacles         |    16 |    22 |    53 |   265 |   205 |   276 ||   837
       Mace              |    39 |       |       |       |       |       ||    39
       Unarmed           |       |       |     5 |       |       |       ||     5
       Kick              |       |       |    60 |   399 |   288 |   473 ||  1220
       Dagger            |       |       |    28 |       |       |       ||    28
       Trident           |       |       |       |   114 |       |       ||   114
       Double sword      |       |       |       |    81 |   883 |  1277 ||  2241
       Bite              |       |       |       |       |       |    10 ||    10
 Fire: Hunting sling     |     4 |       |       |       |       |       ||     4
       Greatsling        |       |       |       |       |       |    38 ||    38
Throw: Javelin           |       |       |       |     7 |       |     1 ||     8
 Cast: Repel Missiles    |       |       |       |       |       |     1 ||     1
       Mephitic Cloud    |       |       |       |       |       |     2 ||     2
Invok: Shadow Step       |       |       |       |       |       |     1 ||     1
 Abil: Evoke Berserk Rag |       |       |       |     6 |     3 |       ||     9
       Blink             |       |       |       |       |     4 |     2 ||     6
Evoke: Wand              |     1 |     4 |    22 |    14 |    21 |    58 ||   120
  Use: Scroll            |     8 |     1 |     5 |    20 |    13 |    27 ||    74
       Potion            |       |     3 |     1 |     6 |     7 |    31 ||    48
 Stab: Sleeping          |    17 |    20 |    32 |    45 |    87 |    50 ||   251
       Distracted        |       |       |     3 |     2 |     9 |    20 ||    34
       Betrayed ally     |       |       |     1 |       |       |       ||     1
       Petrifying        |       |       |       |       |       |     1 ||     1
       Petrified         |       |       |       |       |       |     1 ||     1
       Invisible         |       |       |       |       |       |     2 ||     2
  Eat: Chunk             |     2 |     3 |    25 |    31 |    25 |    17 ||   103
       Beef jerky        |       |       |       |     4 |       |       ||     4
       Royal jelly       |       |       |       |     1 |       |       ||     1
       Meat ration       |       |       |       |       |     4 |     4 ||     8
       Pizza             |       |       |       |       |       |     3 ||     3
Armor: Skin              |     8 |     3 |    39 |    80 |    52 |   255 ||   437
Dodge: Dodged            |    52 |    43 |   214 |   699 |   714 |  1197 ||  2919
       Deflected         |       |       |       |       |       |     5 ||     5
Block: Shield            |       |       |    79 |   176 |   205 |       ||   460
       Buckler           |       |       |       |   253 |   345 |       ||   598
       Reflection        |       |       |       |     7 |    15 |    12 ||    34
       Large shield      |       |       |       |       |   379 |  2329 ||  2708
       Other             |       |       |       |       |       |     1 ||     1
